 Dungeon Crawl Stone Soup version 0.31.0-11-ge490571c62 (webtiles) character file.

Game seed: 7940342807677815498

199 qw the Shooter (level 5, -2/26 HPs)
             Began as a Spriggan Hunter on Feb 3, 2024.
             Slain by an orc
             ... wielding a +0 dagger
              (3 damage)
             ... on level 3 of the Dungeon.
             The game lasted 00:00:34 (1923 turns).

qw the Shooter (Spriggan Hunter)                    Turns: 1923, Time: 00:00:34

Health: -2/26      AC:  2    Str: 12 (13) XL:     5   Next: 48%
Magic:  6/6        EV: 20    Int: 10      God:
Gold:   104        SH:  0    Dex: 21      Spells: 4/4 levels left

rFire   . . .        a - +0 shortbow
rCold   . . .        (shield currently unavailable)
rNeg    . . .        c - +0 robe
rPois   .            (helmet restricted)
rElec   .            (no cloak)
rCorr   .            (gloves unavailable)
SInv    +            (boots unavailable)
Will    .....        (no amulet)
Stlth   ++           e - +6 ring of strength
HPRegen 0.24/turn    (no ring)
MPRegen 0.10/turn

%: no passive effects
@: very quick
A: very small, no large weapons, unfitting armour, see invisible, speed 3
a: no special abilities


You were on level 3 of the Dungeon.
You visited 1 branch of the dungeon, and saw 3 of its levels.

You collected 104 gold pieces.


Innate Abilities, Weirdness & Mutations

You are very small and have problems with some larger weapons.
You are too small for most types of armour.
You have supernaturally acute eyesight. (SInv)
You cover ground extremely quickly. (Speed+++)


   Skills:
 - Level 2.0 Fighting
 + Level 5.7 Ranged Weapons
 - Level 5.1 Dodging
 - Level 1.5 Stealth


You had 4 spell levels left.
You didn't know any spells.
Your spell library was empty.

Inventory:

Hand Weapons
 a - a +0 shortbow (weapon)
Armour
 c - a +0 robe (worn)
Jewellery
 e - a +6 ring of strength (left hand)
Scrolls
 b - a scroll of identify
Potions
 f - a potion of curing
 i - a potion of mutation
 j - a potion of resistance {unknown}

Dungeon Overview and Level Annotations

Branches:
Dungeon (3/15)

Altars:

Annotations:
D:2 1 runed translucent door, Crazy Yiuf


Message History

You shoot an arrow. The arrow hits the orc priest.
You kill the orc priest!
The orc wizard hits you with a +0 dagger.
You feel your strength returning.
You shoot an arrow. The arrow hits the orc wizard.
The orc wizard is moderately wounded.
The orc wizard completely misses you. The orc completely misses you.
You shoot an arrow. The arrow hits the orc wizard.
The orc wizard is severely wounded.
The orc wizard gestures at you while chanting.
The magic dart hits you! The orc hits you with a +0 dagger.
The orc wizard closely misses you.
1917 ||| DRINKING potion of heal wounds.
You feel much better. The orc wizard casts a spell at you.
The puff of flame hits you. The orc completely misses you.
You shoot an arrow.
The arrow completely misses the orc wizard.
The orc wizard hits you with a +0 dagger.
The orc hits you with a +0 falchion!
You shoot an arrow. The arrow barely misses the orc wizard.
The orc wizard closely misses you. The orc barely misses you.
You shoot an arrow.
The arrow hits the orc wizard but does no damage.
The orc wizard is severely wounded.
The orc wizard gestures at you while chanting.
The magic dart hits you! The orc misses you.
You shoot an arrow.
The arrow hits the orc wizard but does no damage.
The orc wizard is severely wounded.
The orc wizard hits you with a +0 dagger.
The orc misses you.
You shoot an arrow. The arrow hits the orc wizard!
You kill the orc wizard!
The orc closely misses you.
You feel your dexterity returning.
You shoot an arrow. The arrow hits the orc.
The orc is severely wounded.
The orc hits you with a +0 dagger.
You die...

### ##.##
############...#########
........................
.###########.....[......
## ##.#...#####. #####
#.##.## ....... #.##@#
....... #.##oo# ......#
#....... .....#.
.....#.# ...##.#
.....#... ..#.##....#
......# ###
.#.#.#....#.##.....
.##.#.)...#. ##.###
..##......#


You could see 2 orcs.

Vanquished Creatures
  An orc priest (D:3)
  Jessica (D:2)
  An orc wizard (D:3)
  4 gnolls (D:2)
  4 adders (D:2)
  2 ribbon worms
  4 ball pythons
  An endoplasm (D:2)
  2 giant cockroaches (D:1)
  3 goblins
  6 hobgoblins
  2 quokkas
  4 bats
  5 frilled lizards (D:1)
  A kobold (D:1)
  2 rats
43 creatures vanquished.

Vanquished Creatures (others)
  A kraken (D:1)
  A ghoul (D:1)
  A djinni (D:1)
  An armataur (D:1)
  A merfolk (D:1)
  A spriggan (D:1)
  A naga (D:1)
  2 onis (D:1)
  An orc (D:1)
  6 tentacles (D:1)
16 creatures vanquished.

Grand Total: 59 creatures vanquished

Notes
Turn   | Place    | Note
-------+----------+-------------------------------------------
     0 | D:1      | qw the Spriggan Hunter began the quest for the Orb.
     0 | D:1      | Reached XP level 1. HP: 10/10 MP: 2/2
     0 | D:1      | Noticed a ghoul
     0 | D:1      | Noticed a spriggan
     0 | D:1      | Noticed a djinni
     0 | D:1      | Noticed an oni
     0 | D:1      | Noticed a merfolk
     0 | D:1      | Noticed a troll
     0 | D:1      | Noticed a kraken
     0 | D:1      | Noticed an oni
     0 | D:1      | Noticed a felid
     0 | D:1      | Noticed an elf
     0 | D:1      | Noticed a naga
     0 | D:1      | Noticed an armataur
     0 | D:1      | 0 ||| qw: Version: 0.3-a-155-g5e7d8dd
     0 | D:1      | 0 ||| qw: Game counter: 3186
     0 | D:1      | 0 ||| qw: Melee chars always use a shield: true
     0 | D:1      | 0 ||| qw: God list: Okawaru
     0 | D:1      | 0 ||| qw: Allow faded altars: false
     0 | D:1      | 0 ||| qw: Do Orc after clearing Dungeon:15 true
     0 | D:1      | 0 ||| qw: Do second Lair branch before Depths: true
     0 | D:1      | 0 ||| qw: Lair rune preference: random
     0 | D:1      | 0 ||| qw: Goals: Normal
     0 | D:1      | 0 ||| PLANNING D:1-11
    10 | D:1      | Killed a djinni
    11 | D:1      | Killed an oni
    14 | D:1      | Killed an oni
    16 | D:1      | Killed a spriggan
    19 | D:1      | Killed a naga
    19 | D:1      | Killed a merfolk
    22 | D:1      | Killed an armataur
    26 | D:1      | Killed a ghoul
    26 | D:1      | Killed a kraken
    41 | D:1      | Reached skill level 3 in Dodging
    71 | D:1      | Reached XP level 2. HP: 14/14 MP: 3/3
   734 | D:1      | 734 ||| DROPPING ring of flight.
   735 | D:1      | 735 ||| READING scroll labelled HEDACU FYUKU.
   836 | D:1      | 836 ||| DRINKING 2 white potions.
   837 | D:1      | 837 ||| DRINKING 3 inky potions.
   838 | D:1      | 838 ||| DROPPING scroll of butterflies.
   839 | D:1      | 839 ||| DROPPING potion of degeneration.
   860 | D:2      | Reached XP level 3. HP: 18/18 MP: 4/4
   985 | D:2      | HP: 4/18 [gnoll/+0 club (6)]
   986 | D:2      | 986 ||| DRINKING 2 potions of heal wounds.
   992 | D:2      | HP: 4/18 [gnoll/+0 flail (1)]
   993 | D:2      | 993 ||| DRINKING potion of heal wounds.
   995 | D:2      | Reached XP level 4. HP: 23/23 MP: 5/5
  1183 | D:2      | Noticed Jessica
  1186 | D:2      | Killed Jessica
  1473 | D:2      | Reached XP level 5. HP: 26/26 MP: 6/6
  1489 | D:2      | Found a runed translucent door.
  1490 | D:2      | Noticed Crazy Yiuf
  1745 | D:2      | 1745 ||| UPGRADING to +6 ring of strength.
  1746 | D:2      | 1746 ||| READING scroll labelled HALYUCREPHOHE.
  1747 | D:2      | 1747 ||| READING 2 scrolls labelled LIUXOI TINUA.
  1747 | D:2      | 1747 ||| IDENTIFYING viscous golden potion
  1748 | D:2      | 1748 ||| READING scroll of identify.
  1748 | D:2      | 1748 ||| IDENTIFYING glowing golden potion
  1749 | D:2      | 1749 ||| READING scroll labelled ZASO HIGHICO.
  1750 | D:2      | 1750 ||| DRINKING 2 viscous puce potions.
  1751 | D:2      | 1751 ||| DROPPING potion of lignification.
  1916 | D:3      | HP: 6/26 [orc/+0 dagger (1)]
  1917 | D:3      | 1917 ||| DRINKING potion of heal wounds.
  1920 | D:3      | HP: 2/26 [orc wizard/magic dart (9)]
  1923 | D:3      | Slain by an orc

Levels and vault maps discovered:
D:1:      nicolae_arrival_kraken_aquarium_a, layout_loops_ring,
          wander_ebering_terrifying_dragon_lair
D:2:      layout_loops_ring, chequers_garden, kennysheep_generic_room_9,
          uniq_crazy_yiuf_cottage, uniq_jessica
D:3:      layout_loops_ring, minmay_misc_feat_tower,
          minmay_misc_feat_secret_circle

Skill      XL: |  1  2  3  4 |
---------------+-------------+-----
Dodging        | 3 4 5 |  5.1
Ranged Weapons | 5 |  5.7
Fighting       | 2 |  2.0
Stealth        | |  1.5

Action                     |  1- 3 |  4- 6 || total
---------------------------+-------+-------++-------
   Fire: Shortbow          |    71 |    76 ||   147
    Use: Potion            |     4 |     2 ||     6
         Scroll            |     1 |     4 ||     5
 Armour: Robe              |     7 |    20 ||    27
  Dodge: Dodged            |    10 |    32 ||    42

Table legend:
 A = Non-vault XP
 B = Vault XP
 C = Vault XP percentage of total XP
 D = Non-vault monster count
 E = Vault monster count
 F = Vault count percentage of total count
                 A         B        C        D         E       F
            +---------+---------+-------+---------+---------+-------
      Total |     246 |      39 |  13.7 |      40 |       3 |   7.0
            +---------+---------+-------+---------+---------+-------
        D:1 |      31 |       1 |   3.1 |      20 |       1 |   4.8
        D:2 |     126 |      38 |  23.2 |      14 |       2 |  12.5
        D:3 |      89 |       0 |   0.0 |       6 |       0 |   0.0
            +---------+---------+-------+---------+---------+-------
